 Dungeon Crawl Stone Soup version 0.26.1-11-gd32895ea62 (webtiles) character file.

Game seed: 8166966435481721151

420 Eitelfritz the Slasher (level 6, -2/53 HPs)
             Began as a Minotaur Gladiator on Apr 18, 2021.
             Was an Initiate of Okawaru.
             Slain by an ogre
             ... wielding a +0 giant spiked club
              (16 damage)
             ... on level 4 of the Dungeon.
             The game lasted 00:06:10 (3167 turns).

Eitelfritz the Slasher (Minotaur Gladiator)         Turns: 3167, Time: 00:06:11

Health: -2/53      AC:  6    Str: 18    XL:     6   Next: 62%
Magic:  5/5        EV: 12    Int:  7    God:    Okawaru [......]
Gold:   198        SH:  0    Dex: 12    Spells: 5/5 levels left

rFire    . . .     SeeInvis .   a - +0 long sword
rCold    + . .     Faith    .   (no shield)
rNeg     . . .     Spirit   .   r - +1 ring mail {rC+}
rPois    .         Reflect  .   c - +0 hat
rElec    .         Harm     .   (no cloak)
rCorr    .         Rampage  .   (no gloves)
Will     .....                  (no boots)
Stlth    +.........             (no amulet)
HPRegen  0.17/turn              (no ring)
MPRegen  0.09/turn              (no ring)

@: no status effects
A: retaliatory headbutt, horns 2
a: Renounce Religion


You were on level 4 of the Dungeon.
You worshipped Okawaru.
Okawaru was noncommittal.
You visited 1 branch of the dungeon, and saw 4 of its levels.

You collected 198 gold pieces.

Inventory:

Hand Weapons
 a - a +0 long sword (weapon)
 q - a +0 flail
 v - a +2 flail of venom
 B - a +0 morningstar
Missiles
 d - 3 throwing nets (quivered)
 e - 55 arrows
 n - 12 poisoned darts
 z - 4 boomerangs
 A - 4 silver boomerangs
Armour
 c - a +0 hat (worn)
 r - a +1 ring mail of cold resistance (worn)
Jewellery
 m - an uncursed ring of stealth {unknown}
 t - an uncursed ring of resist corrosion
Wands
 s - a wand of digging (1)
Scrolls
 g - a scroll of fear {unknown}
 h - 6 scrolls of identify {unknown}
 i - a scroll of magic mapping {unknown}
 l - 2 scrolls of enchant weapon {unknown}
 o - 3 scrolls of amnesia {unknown}
 w - a scroll of blinking {unknown}
 x - a scroll of noise {unknown}
 y - a scroll of teleportation {unknown}
 C - a scroll of immolation {unknown}
Potions
 b - 3 potions of heal wounds {unknown}
 f - 2 potions of attraction {unknown}
 j - a potion of curing {unknown}
 k - a potion of invisibility
 p - a potion of degeneration {unknown}
 u - a potion of berserk rage {unknown}


   Skills:
 + Level 4.5 Fighting
 + Level 6.5 Long Blades
 + Level 2.2 Throwing
 + Level 2.8 Armour
 + Level 4.4 Dodging
 + Level 0.3 Stealth


You had 5 spell levels left.
You didn't know any spells.
Your spell library contained the following spells:

 Spells                   Type           Power        Failure   Level
 Freeze                   Ice            0%           63%         1
 Frozen Ramparts          Ice            0%           94%         3
 Ozocubu's Armour         Ice            0%           94%         3
 Hailstorm                Conj/Ice       0%           100%        4
 Summon Ice Beast         Ice/Summ       0%           100%        4


Dungeon Overview and Level Annotations

Branches:
Dungeon (4/15)
 Temple: D:4-7

Altars:
Dithmenos
Fedhas
Okawaru
Vehumet
Xom

Shops:
D:4 =


Innate Abilities, Weirdness & Mutations

You reflexively headbutt those who attack you in melee.
You have a pair of horns on your head.


Message History

The orc is severely wounded.
The orc priest invokes the aid of Beogh against you.
Beogh smites you! The orc barely misses you. You furiously retaliate!
You headbutt the orc.
You kill the orc!
Okawaru accepts your kill.
The ogre hits you with a +0 giant spiked club!!
* * * LOW HITPOINT WARNING * * *
Items here: ) [ ††.
You barely miss the ogre. Your headbutt misses the ogre.
The orc barely misses you. You furiously retaliate!
You headbutt the orc!
You kill the orc!
Okawaru accepts your kill.
Unknown command.
You hit the ogre. Your headbutt misses the ogre.
The ogre is lightly wounded.
The ogre barely misses you.
You barely miss the orc priest. Your headbutt misses the orc priest.
The ogre hits you with a +0 giant spiked club!
You die...

# #+##.## ##..........
#..#...# #......<...
#...)..#######..........
...###..................
........#######.........
....###.#### ##........
.##........# ###...###
#####.##....# ###...#
#@#####.# ###.. .
#####Oo.....# ##...
#.#.....####### #....
#...###.# #....
#.o.....###### #....
..#.......O.<# #####....
......[.......).........
###o.........#######..†.
#..........# #....


You could see an ogre and an orc priest.

Vanquished Creatures
  A howler monkey (D:4)
  2 orc wizards
  2 iguanas (D:4)
  Natasha (thrice) (D:2)
  Terence (D:2)
  3 adders
  3 oozes
  A worm (D:4)
  4 leopard geckos
  23 orcs
  9 bats
  3 giant cockroaches
  6 goblins
  8 hobgoblins
  7 jackals
  8 kobolds
  5 quokkas
  4 ball pythons (D:3)
  4 frilled lizards
  13 rats
110 creatures vanquished.

Notes
Turn   | Place    | Note
-------+----------+-------------------------------------------
     0 | D:1      | Eitelfritz the Minotaur Gladiator began the quest for the
                  | Orb.
     0 | D:1      | Reached XP level 1. HP: 18/18 MP: 0/0
    60 | D:1      | Reached XP level 2. HP: 25/25 MP: 1/1
    75 | D:1      | Reached skill level 4 in Long Blades
   381 | D:1      | Reached XP level 3. HP: 30/30 MP: 2/2
   912 | D:2      | Noticed Natasha
   915 | D:2      | Killed Natasha
   916 | D:2      | Reached XP level 4. HP: 38/38 MP: 3/3
  1045 | D:2      | You fall into a shaft and drop 2 floors!
  1062 | D:4      | Reached skill level 5 in Long Blades
  1253 | D:3      | Reached XP level 5. HP: 45/45 MP: 4/4
  1306 | D:3      | Reached skill level 1 in Armour
  1346 | D:2      | Found an iron altar of Okawaru.
  1347 | D:2      | Noticed Natasha
  1348 | D:2      | Found a shadowy altar of Dithmenos.
  1350 | D:2      | Noticed Terence
  1352 | D:2      | Killed Natasha
  1361 | D:2      | Killed Terence
  1364 | D:2      | Found a blossoming altar of Fedhas.
  1364 | D:2      | Found a radiant altar of Vehumet.
  1364 | D:2      | Found a shimmering altar of Xom.
  1550 | D:2      | Became a worshipper of Warmaster Okawaru
  1609 | D:2      | Found a faded altar of an unknown god.
  1655 | D:2      | Noticed Natasha
  1660 | D:2      | Killed Natasha
  1661 | D:2      | Reached skill level 6 in Long Blades
  2261 | D:3      | Reached XP level 6. HP: 51/51 MP: 5/5
  2715 | D:4      | Found Batijin's Jewellery Shoppe.
  3167 | D:4      | Slain by an ogre

Illustrated notes

Levels and vault maps discovered:
D:1:      lemuel_arrival_funnel, layout_loops_ring, serial_bayou_pond_a
D:2:      layout_rooms, grunt_temple_overflow_open,
          chequers_ecumenical_altar_twisty, minmay_pentomino_z2, uniq_terence,
          uniq_natasha
D:3:      layout_loops_ring, kennysheep_generic_room_11
D:4:      layout_rooms, overflow_temple_1_default, serial_shops,
          nicolae_shop_waterfront, minmay_liquid_box, ashenzari_altar_1

Skill      XL: |  1  2  3  4  5  6 |
---------------+-------------------+-----
Long Blades    | 4 5 6 |  6.5
Dodging        | 4 |  4.4
Fighting       | 3 4 |  4.5
Armour         | 1 2 |  2.8
Throwing       | |  2.2
Stealth        | |  0.3

Action                   |  1- 3 |  4- 6 || total
-------------------------+-------+-------++-------
Melee: Long sword        |    55 |   135 ||   190
       Headbutt          |     8 |    36 ||    44
Armor: Leather armour    |    10 |     2 ||    12
       Ring mail         |       |    35 ||    35
Dodge: Dodged            |    43 |   110 ||   153
       Rpst.: Long sword |     9 |    32 ||    41
